 Dungeon Crawl Stone Soup version 0.29.1-12-g30fa7ad0bf (webtiles) character file.

Game seed: 5671952014142693979

63427 GeoRichter the Carver (level 14, -4/108 HPs)
             Began as a Demonspawn Monk on Dec 21, 2022.
             Was the Champion of Cheibriados.
             Slain by an orc knight
             ... wielding a +2 long sword of electrocution
              (19 damage)
             ... on level 2 of the Orcish Mines.
             The game lasted 01:07:27 (23687 turns).

GeoRichter the Carver (Demonspawn Monk)            Turns: 23687, Time: 01:07:27

Health: -4/108     AC: 21    Str: 29    XL:     14   Next: 68%
Magic:  25/25      EV: 15    Int: 27    God:    Cheibriados [******]
Gold:   2030       SH: 10    Dex: 33    Spells: 25/28 levels left

rFire   . . .      SeeInvis .   F - +3 scimitar
rCold   . . .      Faith    .   B - +2 buckler
rNeg    . . .      Spirit   .   I - +0 plate armour
rPois   +          Reflect  .   H - +0 helmet
rElec   .          Harm     .   f - +0 cloak
rCorr   .          Rampage  .   r - +0 pair of gloves
Will    ++...                   j - +0 pair of boots
Stlth   ..........              p - amulet of regeneration
HPRegen 1.08/turn               d - ring of willpower
MPRegen 0.19/turn               P - ring of poison resistance

@: very slow
A: yellow scales 2, spiny 1, weakness stinger 2
a: Renounce Religion, Bend Time, Temporal Distortion, Slouch, Step From Time


You were on level 2 of the Orcish Mines.
You worshipped Cheibriados.
Cheibriados was exalted by your worship.
You visited 4 branches of the dungeon, and saw 20 of its levels.
You also visited: Bailey.

You collected 2220 gold pieces.
You spent 190 gold pieces at shops.

Inventory:

Hand Weapons
 F - a +3 scimitar (weapon)
   (You took it off a wight on level 6 of the Dungeon)
 G - a +2 great sword
   (You took it off a wight on level 6 of the Dungeon)
Missiles
 V - 5 silver javelins (quivered)
Armour
 f - a +0 cloak (worn)
   (You took it off Maurice on level 11 of the Dungeon)
 j - a +0 pair of boots (worn)
   (You found it on level 3 of the Dungeon)
 r - a +0 pair of gloves (worn)
   (You found it on level 2 of the Dungeon)
 B - a +2 buckler (worn)
   (You found it on level 1 of the Lair of Beasts)
 C - +0 steam dragon scales
   (You found it on level 8 of the Dungeon)
 H - a +0 helmet (worn)
   (You found it on level 8 of the Dungeon)
 I - a +0 plate armour (worn)
   (You took it off an orc warrior on level 11 of the Dungeon)
Jewellery
 d - a ring of willpower (left hand)
   (You found it on level 1 of the Lair of Beasts)
 n - an amulet of reflection
   (You found it on level 2 of the Dungeon)
 o - a ring of wizardry
   (You found it on level 3 of the Lair of Beasts)
 p - an amulet of regeneration (around neck)
   (You took it off an orc warrior on level 11 of the Dungeon)
 y - a ring of resist corrosion
   (You found it on level 11 of the Dungeon)
 P - a ring of poison resistance (right hand)
   (You found it on level 3 of the Lair of Beasts)
 Q - a ring of positive energy
   (You found it on level 4 of the Lair of Beasts)
Wands
 a - a wand of polymorph (7)
   (You found it on level 7 of the Dungeon)
 m - a wand of quicksilver (1)
   (You found it on level 10 of the Dungeon)
 R - a wand of paralysis (2)
   (You found it on level 4 of the Lair of Beasts)
 S - a wand of mindburst (4)
   (You found it on level 1 of the Orcish Mines)
 T - a wand of digging (3)
   (You found it on level 5 of the Lair of Beasts)
Scrolls
 e - 5 scrolls of fog
 g - 6 scrolls of fear
 h - 3 scrolls of immolation {!r}
 i - 6 scrolls of teleportation {@r4}
 q - a scroll of silence
 u - 5 scrolls of enchant armour
 v - 5 scrolls of blinking
 z - 2 scrolls of amnesia
 E - 2 scrolls of magic mapping
 J - 2 scrolls of poison
 L - a scroll of vulnerability {!r}
 O - 2 scrolls of enchant weapon
Potions
 b - 3 potions of resistance
 c - 2 potions of ambrosia
 l - 10 potions of curing {@q1}
 s - 4 potions of haste {@q3}
 t - 2 potions of attraction {!q}
 x - 2 potions of brilliance
 A - 3 potions of heal wounds {@q2}
 D - 2 potions of mutation {!q}
 K - 4 potions of flight
 M - a potion of lignification {!q}
 N - 2 potions of cancellation
 U - a potion of berserk rage


   Skills:
 + Level 9.0 Fighting
 - Level 14.0 Long Blades
 + Level 7.3 Armour
 + Level 8.3 Dodging
 - Level 5.0 Stealth
 - Level 6.0 Shields
 - Level 7.6 Spellcasting
 - Level 8.0 Ice Magic
 + Level 7.3 Invocations
 - Level 6.0 Evocations


You had 25 spell levels left.
You knew the following spells:

 Your Spells              Type           Power      Damage    Failure   Level
a - Frozen Ramparts       Ice            100%       1d16      7%          3

Your spell library contained the following spells:

 Spells                   Type           Power      Damage    Failure   Level
 Ensorcelled Hibernation  Hex/Ice        62%        N/A       19%         2
 Apportation              Tloc           20%        N/A       54%         1
 Slow                     Hex            40%        N/A       54%         1
 Ice Form                 Ice/Tmut       31%        N/A       77%         4
 Summon Ice Beast         Ice/Summ       31%        N/A       77%         4
 Confusing Touch          Hex            10%        N/A       88%         3
 Gell's Gravitas          Tloc           10%        N/A       88%         3
 Lesser Beckoning         Tloc           10%        N/A       88%         3
 Spider Form              Tmut/Pois      10%        N/A       88%         3
 Summon Guardian Golem    Hex/Summ       10%        N/A       88%         3
 Teleport Other           Tloc           10%        N/A       88%         3
 Vampiric Draining        Necr           10%        2d6       88%         3
 Anguish                  Hex/Necr       5%         N/A       99%         4
 Corpse Rot               Necr/Pois/Air  10%        N/A       99%         4
 Dispel Undead            Necr           10%        3d9       99%         4
 Alistair's Intoxication  Tmut/Pois      6%         N/A       100%        5
 Yara's Violent Unravell  Hex/Tmut       5%         3d4       100%        5
 Death Channel            Necr           5%         N/A       100%        6
 Enfeeble                 Hex            5%         N/A       100%        7
 Orb of Destruction       Conj           5%         9d5       100%        7
 Spellforged Servitor     Conj/Summ      5%         N/A       100%        7


Dungeon Overview and Level Annotations

Branches:
Dungeon (12/15) Zot: 38771  Temple (1/1) D:7 Zot: 8896    Lair (5/5) D:11 Zot: 34876
 Shoals (0/4) Lair:3       Spider (0/4) Lair:3        Slime (0/5) Lair:5
    Orc (2/2) D:11 Zot: 17131  Bailey (visited)
    Elf: Orc:2

Altars:
Ashenzari
Cheibriados
Fedhas
Gozag
Hepliaklqana
Kikubaaqudgha
Makhleb
Qazlal
Ru
Sif Muna
Trog
Uskayaw
Vehumet
Wu Jian
Xom
Yredelemnul
Jiyva

Shops:
D:8 ?   D:9 (   Orc:1 (

Annotations:
D:4 2 runed translucent doors, H0rd4k's ghost, amateur OpAr
D:11 2 runed translucent doors, DildoBatman's ghost, journeyman FoCj


Innate Abilities, Weirdness & Mutations

You are mostly covered in yellow scales. (AC +3)
You are partially covered in sharp spines.
You have a tail ending in a sharp stinger.


Message History

The orc knight is struck by your spines.
The orc knight hits you but does no damage.
You hit the orc warrior. You block the orc warrior's attack.
You hit the orc warrior.
You kill the orc warrior!
Cheibriados thoroughly appreciates the change of pace.
You hit the orc knight.
The orc knight hits you with a +2 long sword of electrocution!
You hit the orc knight but do no damage.
You tail-slap the orc knight.
The orc knight hits you with a +2 long sword of electrocution!
You hit the orc knight.
Your tail-slap misses the orc knight.
You block the orc knight's attack.
An orc warrior comes into view. It is wielding a +0 short sword.
You closely miss the orc knight.
Your tail-slap misses the orc knight.
You slice the orc knight!!
The orc knight roars a battlecry!
The orc warrior goes into a battle-frenzy!
The orc knight barely misses you.
You slash the orc knight! The orc knight barely misses you.
The orc knight attacks as you move away!
You block the orc knight's attack.
The orc knight hits you with a +2 long sword of electrocution!!
The orc knight completely misses you. You block the orc knight's attack.
Things that are here:
a +0 war axe; a +0 plate armour The orc knight attacks as you move away!
The orc knight barely misses you.
The orc knight attacks as you move away!
You block the orc knight's attack.
The orc knight hits you with a +0 war axe!
* * * LOW HITPOINT WARNING * * *
You block the orc knight's attack.
Items here: ))) [[ †.
Okay, then.
The orc knight attacks as you move away!
The orc knight hits you with a +0 war axe!
* * * LOW HITPOINT WARNING * * *
The orc knight attacks as you move away!
The orc knight is struck by your spines.
The orc knight hits you with a +2 long sword of electrocution!!
* * * LOW HITPOINT WARNING * * *
The orc knight is struck by your spines.
The orc knight completely misses you. You block the orc knight's attack.
Items here: ( ))))))) [[[[ ††††.
You feel much better.
The orc knight hits you with a +0 war axe!
* * * LOW HITPOINT WARNING * * *
The orc knight hits you with a +2 long sword of electrocution!!
You die...

....... ....# #.)#
#.)# .. ##)## ...
##)).# #... #<)..#
.....
##)######.....
##.)@o.8.......
#..).o)o.......
#...)..)......._
#....#...)......
#...((..(8.......
....#.#.#####.....
.#...... .....
....... #...
...... ...


You could see 2 orc knights and an orc warrior (strong).

Vanquished Creatures
  The ghost of barkas the Spear-Bearer, a journeyman CeMo of Okawaru (Orc:1)
  An orc warlord (Orc:2)
  A minotaur (Lair:1)
  Snorg (Lair:4)
  4 hydras
  3 boulder beetles
  4 two-headed ogres
  3 catoblepae (Lair:5)
  2 centaur warriors (D:10)
  18 death yaks
  An orc high priest (Orc:2)
  A necromancer (Lair:4)
  2 orc sorcerers (Orc:2)
  2 orc knights
  2 ugly things (D:11)
  3 manticores
  A cyclops (D:12)
  Maurice (D:11)
  2 moths of wrath (Orc:1)
  15 elephants
  A torpor snail (Lair:5)
  4 black mambas
  A gargoyle (D:10)
  6 cane toads
  2 rime drakes (Lair:3)
  2 kobold demonologists (D:12)
  2 unseen horrors
  7 komodo dragons
  A troll (Orc:1)
  2 polar bears
  9 blink frogs
  3 shadows
  2 jumping spiders (Lair:3)
  3 culicivoras (Lair:3)
  7 basilisks
  4 wyverns
  52 yaks
  A redback (Lair:3)
  3 steam dragons
  4 wargs
  7 water moccasins
  A sky beast (D:7)
  An ice beast (D:5)
  24 orc warriors
  A black bear (D:6)
  3 elephant zombies (Lair:4)
  3 ogres
  5 wolves (Lair:4)
  3 phantoms
  Blork the orc (D:5)
  11 kobold brigands
  A komodo dragon zombie (Lair:4)
  A necrophage (D:5)
  2 gnoll sergeants (D:11)
  6 bullfrogs
  A scorpion (D:7)
  8 wights
  18 killer bees
  2 vampire bats (D:9)
  2 electric eels (Lair:4)
  6 howler monkeys
  A gnoll bouda (D:8)
  13 orc priests
  4 hounds
  2 iguanas
  20 orc wizards
  Natasha (thrice) (D:2)
  7 hell rats (Lair:5)
  12 adders
  14 gnolls
  2 shadow imps
  An ufetubus (D:6)
  A dart slug (D:1)
  71 orcs
  5 ball pythons
  9 endoplasms
  3 giant cockroaches
  7 goblins
  3 hobgoblins
  4 jackals
  3 quokkas
  10 bats
  3 frilled lizards
  8 kobolds
  12 rats
509 creatures vanquished.

Vanquished Creatures (collateral kills)
  Sigmund (D:4)
  An orc priest (D:4)
  4 jackals (D:4)
  2 kobolds (Bailey)
8 creatures vanquished.

Vanquished Creatures (others)
  An orc wizard (D:10)
  14 fungi
  12 plants
27 creatures vanquished.

Grand Total: 544 creatures vanquished

Notes
Turn   | Place    | Note
-------+----------+-------------------------------------------
     0 | D:1      | GeoRichter the Demonspawn Monk began the quest for the Orb.
     0 | D:1      | Reached XP level 1. HP: 18/18 MP: 1/1
    43 | D:1      | Found a faded altar of an unknown god.
   288 | D:1      | Reached skill level 3 in Long Blades
   378 | D:1      | Gained mutation: You have a small tail. [demonic ancestry]
   378 | D:1      | Reached XP level 2. HP: 24/24 MP: 2/2
  1255 | D:2      | Reached XP level 3. HP: 23/29 MP: 3/3
  1697 | D:2      | Noticed Natasha
  1718 | D:2      | Killed Natasha
  1719 | D:2      | Reached skill level 4 in Long Blades
  1719 | D:2      | Reached XP level 4. HP: 15/35 MP: 4/4
  1732 | D:2      | Noticed Natasha
  2005 | D:2      | Killed Natasha
  2076 | D:2      | Noticed Natasha
  2253 | D:2      | Killed Natasha
  2254 | D:2      | Reached XP level 5. HP: 41/41 MP: 5/5
  2572 | D:3      | Found a radiant altar of Vehumet.
  3546 | D:4      | Reached skill level 5 in Long Blades
  3548 | D:4      | Found a large runed translucent door.
  3625 | D:4      | Found a large runed translucent door.
  3626 | D:4      | Noticed H0rd4k's ghost (amateur OpAr)
  3833 | D:4      | Noticed Sigmund
  3843 | D:4      | Killed Sigmund
  3844 | D:4      | Reached XP level 6. HP: 38/47 MP: 6/6
  3871 | D:4      | Reached skill level 6 in Long Blades
  4034 | D:4      | Found a hide-covered altar of Uskayaw.
  4511 | D:5      | Entered Level 5 of the Dungeon
  4573 | D:5      | Reached XP level 7. HP: 51/52 MP: 7/7
  4935 | D:5      | Reached skill level 7 in Long Blades
  4935 | D:5      | Reached skill level 5 in Stealth
  5045 | D:5      | Noticed Blork the orc
  5063 | D:5      | Killed Blork the orc
  5396 | D:5      | Reached skill level 8 in Long Blades
  5396 | D:5      | Reached XP level 8. HP: 37/58 MP: 8/8
  5902 | D:6      | Found a broken altar of Ashenzari.
  6055 | D:6      | Reached skill level 1 in Armour
  6647 | D:6      | Reached skill level 9 in Long Blades
  6856 | D:7      | Found a staircase to the Ecumenical Temple.
  6862 | D:7      | Found a bloodstained altar of Trog.
  6867 | D:7      | Found a burning altar of Makhleb.
  6884 | Temple   | Entered the Ecumenical Temple
  6932 | Temple   | Became a worshipper of Cheibriados the Contemplative
  6932 | Temple   | Reached * piety under Cheibriados
  6932 | Temple   | Reached ** piety under Cheibriados
  7063 | D:7      | Reached skill level 1 in Invocations
  7066 | D:7      | Gained mutation: You have a tail ending in a sharp stinger.
                  | [demonic ancestry]
  7066 | D:7      | Reached XP level 9. HP: 64/65 MP: 9/9
  7488 | D:7      | Found a basalt altar of Yredelemnul.
  7955 | D:8      | Reached *** piety under Cheibriados
  8237 | D:8      | Reached skill level 5 in Fighting
  8237 | D:8      | Reached skill level 10 in Long Blades
  8736 | D:8      | Found Bemmoutz's Magic Scroll Boutique.
  9961 | D:8      | Reached skill level 5 in Invocations
 10552 | D:9      | Reached XP level 10. HP: 76/76 MP: 13/13
 10591 | D:9      | Reached **** piety under Cheibriados
 11175 | D:9      | Found Xunycyoc's Weapon Emporium.
 11605 | D:10     | Entered Level 10 of the Dungeon
 11605 | D:10     | Noticed a centaur warrior
 11706 | D:10     | Reached skill level 11 in Long Blades
 11782 | D:10     | Found a flagged portal.
 11791 | Bailey   | Entered a bailey
 12316 | Bailey   | Reached ***** piety under Cheibriados
 12413 | Bailey   | Found an iron altar of Okawaru.
 12483 | D:10     | Noticed a gargoyle
 12502 | D:10     | Noticed a centaur warrior
 12519 | D:10     | Killed a centaur warrior
 12520 | D:10     | Reached skill level 5 in Dodging
 12720 | D:10     | Found a stormy altar of Qazlal.
 12825 | D:10     | Found a shimmering blue altar of Sif Muna.
 13056 | D:10     | Killed a centaur warrior
 13415 | D:10     | Killed a gargoyle
 13651 | D:11     | Gained mutation: You are partially covered in yellow
                  | scales. (AC +2) [demonic ancestry]
 13651 | D:11     | Reached XP level 11. HP: 74/83 MP: 15/15
 13672 | D:11     | Noticed a two-headed ogre
 13681 | D:11     | Killed a two-headed ogre
 13682 | D:11     | Reached skill level 12 in Long Blades
 13682 | D:11     | Reached skill level 1 in Evocations
 13716 | D:11     | Found a staircase to the Orcish Mines.
 13840 | D:11     | Noticed a green ugly thing
 13843 | D:11     | Noticed a brown ugly thing
 14162 | D:11     | Noticed Maurice
 14178 | D:11     | Killed Maurice
 14245 | D:11     | Found a large runed translucent door.
 14246 | D:11     | Found a large runed translucent door.
 14327 | D:11     | Learned a level 3 spell: Frozen Ramparts
 14420 | D:11     | Noticed a five-headed hydra
 14530 | D:11     | Noticed a death yak
 14534 | D:11     | Killed a brown ugly thing
 14535 | D:11     | Reached skill level 1 in Ice Magic
 14548 | D:11     | Killed a green ugly thing
 14549 | D:11     | Reached skill level 1 in Spellcasting
 14589 | D:11     | Killed an eight-headed hydra
 15032 | D:11     | Noticed a death yak
 15033 | D:11     | Noticed a death yak
 15034 | D:11     | Noticed a death yak
 15037 | D:11     | Noticed a death yak
 15039 | D:11     | Noticed a death yak
 15042 | D:11     | Noticed a death yak
 15044 | D:11     | Noticed a death yak
 15047 | D:11     | Noticed a death yak
 15050 | D:11     | Killed a death yak
 15058 | D:11     | Killed a death yak
 15071 | D:11     | Killed a death yak
 15081 | D:11     | Killed a death yak
 15082 | D:11     | Reached skill level 5 in Ice Magic
 15082 | D:11     | Killed a death yak
 15087 | D:11     | Killed a death yak
 15088 | D:11     | Gained mutation: You are mostly covered in yellow scales.
                  | (AC +3) [demonic ancestry]
 15088 | D:11     | Reached XP level 12. HP: 27/89 MP: 1/17
 15092 | D:11     | Killed a death yak
 15093 | D:11     | Reached skill level 5 in Evocations
 15100 | D:11     | Killed a death yak
 15106 | D:11     | Killed a death yak
 15382 | D:11     | Found a staircase to the Lair.
 15469 | D:11     | Noticed DildoBatman's ghost (journeyman FoCj)
 15710 | Lair:1   | Entered Level 1 of the Lair of Beasts
 15923 | Lair:1   | Found a runed translucent door.
 16053 | Lair:1   | Noticed a six-headed hydra
 16065 | Lair:1   | Killed a ten-headed hydra
 16511 | Lair:1   | Reached skill level 5 in Spellcasting
 17110 | Lair:1   | Noticed a minotaur
 17135 | Lair:1   | Killed a minotaur
 17136 | Lair:1   | Reached skill level 1 in Shields
 17622 | Lair:2   | Noticed a boulder beetle
 17650 | Lair:2   | Reached ****** piety under Cheibriados
 17701 | Lair:2   | Killed a boulder beetle
 17957 | Lair:2   | Reached skill level 5 in Armour
 18231 | Lair:3   | Found a staircase to the Shoals.
 18458 | Lair:3   | Reached XP level 13. HP: 94/95 MP: 17/21
 18827 | Lair:3   | Found a hole to the Spider Nest.
 19171 | Lair:4   | Noticed Snorg
 19186 | Lair:4   | Killed Snorg
 19726 | Lair:4   | Reached skill level 13 in Long Blades
 20238 | Lair:5   | Entered Level 5 of the Lair of Beasts
 20246 | Lair:5   | Found a staircase to the Slime Pits.
 20246 | Lair:5   | Found a viscous altar of Jiyva.
 20601 | Lair:5   | Reached skill level 5 in Shields
 20888 | Lair:5   | Gained mutation: You are partially covered in sharp spines.
                  | [demonic ancestry]
 20888 | Lair:5   | Reached XP level 14. HP: 93/104 MP: 21/24
 23090 | Orc:1    | Entered Level 1 of the Orcish Mines
 23209 | Orc:1    | Found Urunoer's Firing Range.
 23218 | Orc:1    | Bought 5 silver javelins for 168 gold pieces
 23218 | Orc:1    | Bought 2 javelins for 22 gold pieces
 23296 | Orc:1    | Found a transporter.
 23298 | Orc:1    | Found a transporter.
 23303 | Orc:1    | Found a bloodstained altar of Trog.
 23310 | Orc:1    | Noticed barkas's ghost (journeyman CeMo)
 23369 | Orc:1    | Reached skill level 14 in Long Blades
 23386 | Orc:1    | Killed barkas's ghost
 23463 | Orc:2    | Entered Level 2 of the Orcish Mines
 23580 | Orc:2    | Noticed an orc warlord
 23598 | Orc:2    | Killed an orc warlord
 23687 | Orc:2    | Slain by an orc knight

Illustrated notes

Levels and vault maps discovered:
D:1:      erik_arrival_orb_chamber, layout_loops_corners,
          shapermc_ecumenical_altar_starsandcircs
D:2:      layout_rooms, uniq_natasha
D:3:      layout_basic, vehumet_crystals, roderic_lattice_a, minivault_24,
          dk_noncrumbling_4, chequers_serial_rivers_small_3
D:4:      layout_loops_ring, mainiacjoe_overflow_chevrons,
          ebering_ghost_disaster_area, grunt_decor_arrowhead, uniq_sigmund
D:5:      layout_cave_pools, uniq_blork_the_orc
D:6:      layout_loops_cross, cheibrodos_ashenzari_chains
D:7:      layout_cave_pools, kennysheep_little_box,
          mainiacjoe_overflow_alcove_2, mainiacjoe_overflow_large_starburst,
          minmay_temple_entry_mist
D:8:      layout_loops_ring, serial_shops, nicolae_diamond_shop
D:9:      minmay_goldmine, layout_rooms, serial_shops, kennysheep_mini_moat,
          roderic_batcave
D:10:     layout_cave_pods, grunt_qazlal_sundering,
          gammafunk_temple_overflow_elements, enter_bailey_2
D:11:     layout_long_grid, dpeg_lair_monsters, david_orc_3,
          ebering_ghost_disaster_area, minmay_circle_x, uniq_maurice
D:12:     layout_basic, minmay_misc_feat_plants
Temple:   nicolae_temple_hex_pool
Lair:1:   dreamdust_labyrinth, layout_cave_pods, st_stairs_6
Lair:2:   layout_hall_layers, st_stairs_4, lemuel_fruit_fields
Lair:3:   layout_regular_city, shoals_dummy_entry,
          nicolae_spider_entry_tight_spaces, kennysheep_basilisk_garden,
          lemuel_fruit_fields, infiniplex_staircase_pool_2
Lair:4:   pond_and_an_island_with_a_cottage, layout_gridlike, minivault_25,
          uniq_snorg
Lair:5:   evilmike_catoblepas_cave, layout_layer_cave, slime_entry_1
Orc:1:    layout_caves, gammafunk_ghost_wrathful_warriors,
          nicolae_shop_firing_range
Orc:2:    grunt_orc_cross, layout_caves

Skill      XL: |  1  2  3  4  5  6  7  8  9 10 11 12 13 14 |
---------------+-------------------------------------------+-----
Long Blades    | 3 4 5 6 8 9 10 11 12 13 14 | 14.0
Stealth        | 2 3 4 5 |  5.0
Armour         | 2 4 5 6 7 |  7.3
Dodging        | 3 5 6 7 8 |  8.3
Fighting       | 4 5 6 7 9 |  9.0
Invocations    | 1 5 6 7 |  7.3
Evocations     | 4 6 |  6.0
Ice Magic      | 5 8 |  8.0
Spellcasting   | 3 5 6 7 |  7.6
Shields        | 2 5 6 |  6.0

Action                   |  1- 3 |  4- 6 |  7- 9 | 10-12 | 13-15 || total
-------------------------+-------+-------+-------+-------+-------++-------
Melee: Falchion          |    73 |   196 |   260 |       |       ||   529
       Tailslap          |    10 |    28 |    91 |    79 |   111 ||   319
       Punch             |     1 |     1 |     4 |     5 |       ||    11
       Scimitar          |       |       |   230 |   452 |   507 ||  1189
Throw: Dart              |       |       |    19 |     2 |       ||    21
       Javelin           |       |       |     2 |    24 |    30 ||    56
       Boomerang         |       |       |       |    16 |       ||    16
 Cast: Frozen Ramparts   |       |       |       |    39 |    61 ||   100
Invok: Temporal Distorti |       |       |     1 |       |       ||     1
       Slouch            |       |       |       |     1 |     3 ||     4
Evoke: Wand              |       |     4 |       |    18 |    12 ||    34
  Use: Scroll            |       |     7 |     7 |    13 |     5 ||    32
       Potion            |       |       |     9 |     7 |     3 ||    19
 Stab: Sleeping          |     5 |     8 |     3 |     4 |       ||    20
       Paralysed         |       |     7 |       |    16 |       ||    23
       Invisible         |       |       |       |     8 |     2 ||    10
Armor: Robe              |     8 |       |       |       |       ||     8
       Leather armour    |       |    39 |   140 |    19 |       ||   198
       Ring mail         |       |    12 |       |       |       ||    12
       Steam dragon scal |       |       |       |    62 |    12 ||    74
       Skin              |       |       |       |    16 |       ||    16
       Plate armour      |       |       |       |    11 |   167 ||   178
Dodge: Dodged            |    36 |    82 |   277 |   287 |   252 ||   934
Block: Other             |     9 |    25 |   112 |    67 |       ||   213
       Reflection        |       |       |     2 |     2 |       ||     4
       Buckler           |       |       |       |    60 |   231 ||   291
